 Dungeon Crawl Stone Soup version 0.21-a0-401-g0b6bec4 (webtiles) character file.

5994 butterbread the Carver (level 10, -4/94 HPs)
             Began as a Minotaur Fighter on Oct 25, 2017.
             Was a Follower of Trog.
             Slain by a two-headed ogre
             ... wielding a +0 giant club
              (12 damage)
             ... on level 9 of the Dungeon.
             The game lasted 01:45:23 (8872 turns).

butterbread the Carver (Minotaur Fighter)           Turns: 8872, Time: 01:45:24

Health: -4/94      AC:  8    Str: 26      XL:     10   Next: 55%
Magic:  9/9        EV: 13    Int:  6 (7)  God:    Trog [*.....]
Gold:   459        SH: 10    Dex: 10      Spells: 9/9 levels left

rFire    + . .     SeeInvis +   s - +3 falchion (slice)
rCold    . . .     Gourm    .   c - +0 shield
rNeg     . . .     Faith    .   k - +1 ring mail {rF+}
rPois    .         Spirit   .   (helmet restricted)
rElec    +         Reflect  .   (no cloak)
rCorr    .         Harm     .   p - +0 pair of gloves
MR       .....                  (no boots)
Stlth    +.........             (no amulet)
HPRegen  0.25/turn              g - +4 ring of evasion
MPRegen  0.11/turn              G - ring of see invisible

@: drained
A: retaliatory headbutt, horns 2, clever 1, electricity resistance, strong 1
a: Berserk, Burn Spellbooks, Renounce Religion


You were on level 9 of the Dungeon.
You worshipped Trog.
Trog was aware of your devotion.
You were not hungry.

You visited 2 branches of the dungeon, and saw 10 of its levels.

You collected 459 gold pieces.

Inventory:

Hand Weapons
 j - the +9 heavy crossbow "Sniper" {velocity, Acc+∞ SInv}
   (You found it on level 7 of the Dungeon)

   Any bolt fired from it inflicts extra damage.
   It lets you see invisible.
 s - a +3 falchion of slicing (weapon)
 A - a +1 whip of freezing
 J - a +2 flail of holy wrath
Missiles
 u - 8 tomahawks (quivered)
 v - 50 bolts
Armour
 c - a +0 shield (worn)
 k - a +1 ring mail of fire resistance (worn)
 p - a +0 pair of gloves (worn)
Jewellery
 g - a +4 ring of evasion (left hand)
 y - an uncursed ring of magical power
 G - a ring of see invisible (right hand)
Wands
 a - a wand of flame (1/48)
 E - a wand of random effects (26/48)
 L - a wand of random effects (9/48)
Scrolls
 b - a scroll of enchant armour
 d - 4 scrolls of fear
 l - a scroll of recharging
 D - 4 scrolls of remove curse
 F - a scroll of teleportation
 K - 3 scrolls of identify
Potions
 e - a potion of berserk rage {unknown}
 r - 2 potions of heal wounds
 B - a potion of curing
Comestibles
 f - 4 bread rations
 h - 11 royal jellies
 n - 6 fruits
 o - 2 meat rations
 q - 8 chunks of flesh


   Skills:
 - Level 10.7(10.0) Fighting
 - Level 14.0(13.2) Long Blades
 + Level 2.5(1.9) Crossbows
 - Level 5.0(4.5) Armour
 - Level 2.3(1.8) Dodging
 - Level 2.0(1.4) Stealth
 - Level 5.0(4.5) Shields


You had 9 spell levels left.
You didn't know any spells.

Dungeon Overview and Level Annotations

Branches:
Dungeon (9/15)             Temple (1/1) D:6
   Lair: D:8-11         Orc: D:9-12

Altars:
Ashenzari
Cheibriados
Dithmenos
Elyvilon
Fedhas
Gozag
Hepliaklqana
Kikubaaqudgha
Makhleb
Nemelex Xobeh
Okawaru
Qazlal
Ru
Sif Muna
Trog
Uskayaw
Vehumet
Wu Jian
Xom
Yredelemnul
Zin
The Shining One


Innate Abilities, Weirdness & Mutations

You reflexively headbutt those who attack you in melee.
You have a pair of horns on your head.
Your mind is acute. (Int +2)
You are resistant to electric shocks. (rElec)
Your muscles are strong. (Str +2)


Message History

Aim: a two-headed ogre, wielding two giant clubs You throw a silver tomahawk.
The silver tomahawk hits the two-headed ogre.
The two-headed ogre is lightly wounded.
The two-headed ogre hits you with a giant club.
The two-headed ogre hits you with a giant club!!
Makhleb rains destruction down upon you!
The bolt of negative energy hits you!
You feel drained.
* * * LOW HITPOINT WARNING * * *
A centaur warrior comes into view.
The centaur warrior wields a shortbow.
The centaur warrior shoots an arrow.
You block the arrow.
You see here an arrow.
The centaur warrior shoots an arrow.
The arrow hits you!
* * * LOW HITPOINT WARNING * * *
The centaur warrior shoots an arrow.
The arrow misses you.
You see here an arrow.
Found a war axe.
The two-headed ogre hits you with a giant club!
You die...

###### #### ##....# #...#
#####(.cO.###..). #####
#.....(.#..#..# .....
##....(Oc##O..# ......
#........###@## ......
..#.....###.##.# #......
#.#......###.#.# ##......
#.#.......####.####...#####
#.#...........♣.....[......
###.#.......####.####..##....
....#......###.#.# ###..... .
....#.....###.##.# .###.#.#.
......#......###.###........


You could see a centaur warrior, a two-headed ogre and an ogre.

Vanquished Creatures
  A two-headed ogre (D:8)
  Pikel (D:4)
  A troll (D:9)
  Grinder (D:5)
  A queen bee (D:8)
  2 hippogriffs (D:7)
  The ghost of marsu the Skirmisher, an amateur FoAK of Lugonu (D:4)
  A neqoxec (D:8)
  Menkaure (D:4)
  An ice beast (D:8)
  2 sky beasts
  An orc warrior (D:6)
  A black bear (D:8)
  3 phantoms
  4 ogres
  7 centaurs
  4 bullfrogs
  A scorpion (D:5)
  14 killer bees (D:8)
  4 wights (D:7)
  A howler monkey (D:7)
  2 crimson imps (D:7)
  6 orc wizards
  An orc priest (D:6)
  3 hounds
  2 jellies (D:8)
  3 iguanas
  6 worker ants
  Robin (D:4)
  3 gnolls (D:4)
  14 adders
  A shadow imp (D:6)
  An ooze (D:2)
  A worm (D:3)
  2 dart slugs
  4 leopard geckos
  29 orcs
  12 giant cockroaches
  11 goblins
  9 hobgoblins
  10 jackals
  7 kobolds (D:1)
  4 quokkas
  2 ball pythons
  19 bats
  2 frilled lizards
  A jackal skeleton (D:6)
  8 rats
217 creatures vanquished.

Notes
Turn   | Place    | Note
-------+----------+-------------------------------------------
     0 | D:1      | butterbread the Minotaur Fighter began the quest for the Orb.
     0 | D:1      | Reached XP level 1. HP: 19/19 MP: 0/0
    64 | D:1      | Reached XP level 2. HP: 25/28 MP: 1/1
   447 | D:2      | Found a hide-covered altar of Uskayaw.
   453 | D:2      | Noticed a hand axe
   454 | D:2      | Noticed a dagger
   484 | D:2      | Reached skill level 5 in Fighting
   484 | D:2      | Reached XP level 3. HP: 36/36 MP: 2/2
  1898 | D:2      | Reached XP level 4. HP: 44/44 MP: 3/3
  2242 | D:3      | Found a hazy altar of Hepliaklqana.
  2660 | D:3      | Reached XP level 5. HP: 50/51 MP: 4/4
  2935 | D:3      | Found a snail-covered altar of Cheibriados.
  3251 | D:5      | Entered Level 5 of the Dungeon
  3316 | D:3      | Gained mutation: Your muscles are strong. (Str +2) [potion of mutation]
  3316 | D:3      | Gained mutation: Your mind is acute. (Int +2) [potion of mutation]
  3316 | D:3      | Gained mutation: You are resistant to electric shocks. (rElec) [potion of mutation]
  3752 | D:4      | Reached XP level 6. HP: 28/61 MP: 5/5
  3830 | D:4      | Noticed Robin
  3859 | D:4      | Killed Robin
  4150 | D:4      | Noticed marsu's ghost (amateur FoAK)
  4171 | D:4      | Killed marsu's ghost
  4575 | D:4      | Reached XP level 7. HP: 54/71 MP: 6/6
  4733 | D:4      | Noticed Menkaure
  4743 | D:4      | Killed Menkaure
  4743 | D:4      | Reached skill level 10 in Fighting
  4847 | D:4      | Noticed Pikel
  4865 | D:4      | Killed Pikel
  4865 | D:4      | Reached skill level 6 in Long Blades
  4865 | D:4      | Reached XP level 8. HP: 52/80 MP: 7/7
  5091 | D:5      | Noticed Grinder
  5096 | D:5      | Killed Grinder
  5096 | D:5      | Reached skill level 7 in Long Blades
  5154 | D:5      | Found a shattered altar of Ashenzari.
  5255 | D:5      | Reached skill level 8 in Long Blades
  5597 | D:7      | Reached skill level 9 in Long Blades
  5640 | D:7      | Noticed a hippogriff
  5663 | D:7      | Killed a hippogriff
  5663 | D:7      | Reached skill level 10 in Long Blades
  5707 | D:7      | Reached XP level 9. HP: 77/86 MP: 8/8
  5787 | D:7      | Found a deep blue altar of Sif Muna.
  5790 | D:7      | Found the +9 heavy crossbow "Sniper" {velocity, Acc+∞ SInv}
  5817 | D:7      | Reached skill level 11 in Long Blades
  6084 | D:7      | Found a burning altar of Makhleb.
  6085 | D:7      | Found a radiant altar of Vehumet.
  6103 | D:7      | Became a worshipper of Makhleb the Destroyer
  6287 | D:7      | Found a blossoming altar of Fedhas.
  6439 | D:6      | Reached skill level 12 in Long Blades
  6483 | D:6      | Found a bloodstained altar of Trog.
  6794 | D:6      | Fell from the grace of Makhleb
  6794 | D:6      | Became a worshipper of Trog the Wrathful
  6942 | D:6      | Found a staircase to the Ecumenical Temple.
  6951 | Temple   | Entered the Ecumenical Temple
  7126 | D:6      | Found a white marble altar of Elyvilon.
  7575 | D:8      | Noticed a two-headed ogre
  7596 | D:8      | Killed a two-headed ogre
  7596 | D:8      | Reached skill level 13 in Long Blades
  7596 | D:8      | Reached XP level 10. HP: 48/94 MP: 9/9
  7812 | D:8      | Found a glowing silver altar of Zin.
  7812 | D:8      | Noticed an angel
  7924 | D:8      | Reached skill level 1 in Crossbows
  7926 | D:8      | Reached skill level 1 in Dodging
  7931 | D:8      | Reached skill level 1 in Stealth
  8028 | D:8      | Reached * piety under Trog
  8801 | D:9      | Reached skill level 14 in Long Blades
  8811 | D:9      | Reached skill level 5 in Armour
  8811 | D:9      | Reached skill level 5 in Shields
  8849 | D:9      | Noticed a two-headed ogre
  8866 | D:9      | Noticed a centaur warrior
  8872 | D:9      | Slain by a two-headed ogre

Vault maps used:
D:1:      dpeg_arrival_tiny_j
D:2:      dancing_weapons_uskayaw
D:3:      minmay_roachtagon, nicolae_overflow_crystal_walls,
          nicolae_overflow_hidden_temple, first_bread
D:4:      uniq_robin, uniq_menkaure, uniq_pikel
D:5:      evilmike_ruin_ashenzari, hangedman_glass_teeth, uniq_grinder
D:6:      lemuel_crystal_altar, lemuel_temple_firewalk_b, trog_butcher_becter
D:7:      grunt_temple_overflow_lords_of_destruction, kennysheep_mini,
          lemuel_crystal_altar
D:8:      zin_angel, david_nohive_1
D:9:      kb_rosetta
Temple:   nicolae_temple_hex_pool

Skill      XL: |  1  2  3  4  5  6  7  8  9 10 |
---------------+-------------------------------+-----
Fighting       | 4 5 6 8 9 10 | 10.7
Long Blades    | 6 10 13 14 | 14.0
Crossbows      | 2 |  2.5
Dodging        | 2 |  2.3
Armour         | 5 |  5.0
Stealth        | 2 |  2.0
Shields        | 5 |  5.0

Action                   |  1- 3 |  4- 6 |  7- 9 | 10-12 || total
-------------------------+-------+-------+-------+-------++-------
Melee: Long sword        |    79 |    60 |       |       ||   139
       Headbutt          |    11 |    32 |    55 |    28 ||   126
       Falchion          |       |   179 |   182 |   124 ||   485
       Flail             |       |       |    11 |       ||    11
Throw: Tomahawk          |       |     5 |       |     6 ||    11
  Use: Scroll            |     5 |     3 |     7 |     3 ||    18
       Potion            |     2 |     2 |     5 |     2 ||    11
  Eat: Chunk             |     2 |     9 |     4 |     4 ||    19
       Fruit             |       |       |     3 |       ||     3
       Bread ration      |       |       |     1 |       ||     1
Armor: Scale mail        |    60 |    93 |    38 |       ||   191
       Chain mail        |       |    28 |       |       ||    28
       Ring mail         |       |       |    15 |    16 ||    31
Dodge: Dodged            |    41 |    86 |    62 |    41 ||   230
Block: Shield            |    48 |   149 |    77 |    50 ||   324
       Rpst.: Long sword |    10 |     6 |       |       ||    16
       Falchion          |       |    18 |    11 |    13 ||    42

Table legend:
 A = Spawn XP
 B = Non-spawn XP
 C = Spawn XP percentage of total XP
 D = Spawn monster count
 E = Non-spawn monster count
 F = Spawn count percentage of total count
 G = Total turns spent on level
                    A         B        C        D         E        F      G
               +---------+---------+-------+---------+---------+-------+---------
         Total |       0 |    8564 |   0.0 |       0 |     216 |   0.0 |  8872
               +---------+---------+-------+---------+---------+-------+---------
           D:1 |       0 |      49 |   0.0 |       0 |      30 |   0.0 |  1199
           D:2 |       0 |      81 |   0.0 |       0 |      23 |   0.0 |  1038
           D:3 |       0 |     128 |   0.0 |       0 |      45 |   0.0 |  1400
           D:4 |       0 |    1325 |   0.0 |       0 |      31 |   0.0 |  1420
           D:5 |       0 |     472 |   0.0 |       0 |       3 |   0.0 |   428
           D:6 |       0 |     951 |   0.0 |       0 |      21 |   0.0 |  1020
           D:7 |       0 |    1657 |   0.0 |       0 |      23 |   0.0 |   976
           D:8 |       0 |    3389 |   0.0 |       0 |      35 |   0.0 |  1180
           D:9 |       0 |     512 |   0.0 |       0 |       5 |   0.0 |   126
               +---------+---------+-------+---------+---------+-------+---------
